Map: Frostline LE

Players

UncleDave

  • Race: Terran Terran
  • League: Silver
  • Spawn Location: 1:00

iPlayDefense - Winner!

  • Race: Terran Terran
  • League: Silver
  • Spawn Location: 7:00

VOD

Have the link to the VOD?

Description

Time

  • Played on: April 19, 2025, 11:52 a.m.
  • Length: 24:11
Show
View Real Time Build Order
Export as new Build Order

UncleDave Terran 

Build Orders:  

Get SALT Encoding   

  12  0:15  SCV  
  12  0:16  Supply Depot  
  12  0:20  Refinery  
  13  0:27  SCV  
  14  0:42  Barracks  
  14  0:44  SCV  
  15  0:57  Supply Depot  
  15  0:58  SCV  
  16  1:13  Barracks  
  16  1:21  Supply Depot  
  16  1:26  SCV  
  16  1:31  Marine  
  18  1:45  SCV  
  19  1:49  Marine  
  20  1:57  SCV  
  20  1:59  Refinery  
  21  2:04  Barracks Reactor  
  21  2:09  SCV, Marine  
  23  2:21  SCV  
  24  2:27  Supply Depot  
  24  2:33  SCV  
  25  2:50  Supply Depot  
  25  2:53  Barracks Tech Lab  
  25  3:02  Marine x2  
  27  3:15  Marine  
  27  3:16  Factory  
  27  3:19  Stimpack  
  28  3:20  Marine x2  
  28  3:23  SCV  
  31  3:32  Marine  
  32  3:38  Marine x2  
  34  3:50  Marine  
  34  4:07  Command Center, Factory Tech Lab  
  32  4:11  Orbital Command  
  32  4:20  Engineering Bay  
  32  4:22  Marine x3  
  35  4:40  Marine x3  
  35  4:41  SCV  
  39  4:53  Terran Infantry Weapons Level 1  
  39  5:03  Missile Turret  
  39  5:08  Marine x3  
  39  5:09  Siege Tank  
  45  5:14  SCV  
  46  5:25  Refinery  
  46  5:26  SCV x2  
  48  5:38  SCV x2  
  50  5:50  SCV x2  
  50  5:52  Supply Depot  
  50  5:55  Siege Tank  
  55  5:59  Marine x2  
  55  6:01  Marine  
  55  6:02  SCV x2  
  60  6:04  Combat Shield  
  60  6:14  Supply Depot, SCV  
  60  6:15  SCV  
  62  6:25  Mag-Field Accelerator  
  62  6:26  SCV  
  62  6:27  SCV, Marine x2, Cyclone  
  62  6:28  Marine  
  70  6:39  SCV x2  
  72  6:40  Refinery  
  72  6:47  Hi-Sec Auto Tracking  
  72  6:51  SCV  
  73  6:59  Cyclone  
  76  7:08  Starport  
  76  7:11  SCV  
  76  7:13  SCV  
  78  7:21  Missile Turret  
  78  7:24  Marine x2  
  78  7:26  Marine  
  81  7:33  Orbital Command  
  81  7:41  Missile Turret  
  81  7:42  Marine x2  
  81  7:44  Marine  
  83  7:45  Starport Tech Lab  
  83  7:47  Starport  
  84  8:00  Marine x2, Command Center, Factory  
  84  8:03  Marine  
  76  8:17  Marine  
  76  8:18  Marine  
  78  8:25  Starport Tech Lab  
  78  8:30  Missile Turret  
  78  8:34  Supply Depot  
  78  8:35  Marine x2  
  78  8:36  Terran Infantry Armor Level 1  
  78  8:40  Concussive Shells  
  82  8:41  Marauder  
  82  8:51  Factory Tech Lab  
  82  8:53  Marine x2  
  84  8:56  Hyperflight Rotors  
  84  8:57  Missile Turret  
  86  9:03  Marauder  
  86  9:11  Siege Tank, Marine x2  
  86  9:15  Cloaking Field, Factory Tech Lab  
  93  9:24  Marauder  
  93  9:26  Supply Depot  
  93  9:29  Marine x2  
  95  9:35  Missile Turret  
  100  9:38  SCV  
  100  9:43  Siege Tank  
  103  9:45  Marauder  
  103  9:46  Marine, Medivac  
  103  9:47  Marine, Medivac  
  107  9:56  Supply Depot  
  107  9:59  Missile Turret  
  109  10:07  Marauder  
  109  10:14  SCV  
  110  10:16  Siege Tank, Medivac  
  110  10:17  Medivac  
  117  10:24  Missile Turret  
  117  10:26  SCV  
  120  10:28  Marauder  
  120  10:31  SCV  
  121  10:36  Refinery  
  121  10:38  SCV  
  122  10:43  SCV  
  122  10:45  Supply Depot  
  122  10:46  Medivac  
  125  11:05  Fusion Core  
  125  11:07  Supply Depot, SCV x2, Medivac  
  125  11:08  Supply Depot  
  129  11:19  Orbital Command  
  129  11:25  Missile Turret  
  129  11:29  Missile Turret  
  129  11:47  Missile Turret  
  129  11:49  Missile Turret  
  129  11:52  Refinery  
  129  11:57  Viking x2  
  133  12:02  Cyclone x2  
  139  12:08  Missile Turret  
  139  12:09  Missile Turret  
  139  12:15  Missile Turret  
  126  12:27  Missile Turret, Viking x2  
  126  12:29  Missile Turret  
  130  12:30  Missile Turret  
  130  12:34  Cyclone x2  
  136  12:50  Missile Turret  
  136  12:56  Marine  
  136  12:57  Marine, Viking x2  
  142  13:01  Marauder  
  144  13:06  Cyclone  
  147  13:14  Marine x2  
  147  13:15  Command Center  
  149  13:33  Missile Turret  
  149  13:43  Weapon Refit  
  149  13:55  Supply Depot  
  149  13:59  Supply Depot  
  149  14:04  Supply Depot  
  149  14:10  Missile Turret  
  149  14:15  Armory  
  149  14:16  Marine, Cyclone, Viking x2  
  157  14:20  Marine  
  157  14:21  Cyclone, Marauder  
  163  14:34  Marine  
  164  14:38  Marine  
  164  14:42  Marauder  
  167  14:46  Viking x2  
  167  14:48  Refinery  
  167  14:52  Marine  
  172  14:56  Marine  
  172  14:57  Starport  
  173  15:00  Starport  
  173  15:01  Neosteel Armor  
  173  15:04  Marauder  
  175  15:08  Armory  
  175  15:09  Marine  
  175  15:11  Missile Turret  
  175  15:13  Siege Tank  
  182  15:14  Marine  
  182  15:16  Missile Turret  
  180  15:22  Thor  
  180  15:24  Smart Servos  
  186  15:41  Refinery  
  186  16:04  Starport Tech Lab, Starport  
  186  16:11  Caduceus Reactor  
  186  16:12  Missile Turret  
  186  16:14  Starport Tech Lab  
  186  16:16  Terran Vehicle And Ship Armor Level 1  
  186  16:51  Orbital Command  
  186  16:55  Refinery  
  186  16:58  Missile Turret  
  186  17:01  Missile Turret  
  186  17:03  Starport Tech Lab  
  186  17:04  Missile Turret  
  186  17:15  Supply Depot  
  186  17:17  Supply Depot  
  186  17:21  Missile Turret  
  186  17:30  Terran Infantry Weapons Level 2  
  186  17:36  Thor x2  
  196  17:39  Missile Turret  
  109  17:55  Banshee x2  
  62  18:15  SCV  
  58  18:25  Marine x3  
  62  18:27  SCV  
  62  18:36  SCV  
  62  18:39  SCV  
  64  18:43  Marine  
  64  18:48  SCV  
  66  18:51  SCV  
  66  18:52  Banshee x2  
  73  19:03  SCV  
  73  19:09  Command Center  
  74  19:13  SCV  
  75  19:25  SCV  
  76  19:38  SCV  
  77  19:40  Marine, Refinery x2  
  77  19:41  Marine x2  
  80  19:51  Banshee x3  
  89  19:58  Marine x2  
  89  19:59  Marine  
  92  20:08  Missile Turret  
  92  20:11  Missile Turret  
  92  20:13  SCV  
  93  20:16  Marine x3  
  93  20:21  Refinery  
  96  20:25  SCV  
  97  20:55  Banshee x3  
  97  20:56  Banshee  
  97  21:11  Missile Turret, Viking  
  97  21:15  SCV  
  100  21:27  SCV  
  100  21:29  SCV  
  100  21:32  SCV  
  104  21:40  SCV, Missile Turret  
  104  21:41  SCV  
  104  21:44  SCV, Viking  
  108  21:49  Viking  
  108  21:52  SCV  
  108  21:53  SCV  
  112  21:55  Viking  
  112  22:00  Viking  
  116  22:04  SCV  
  116  22:05  Missile Turret  
  117  22:43  Missile Turret  
  117  22:46  Viking  
  117  22:48  Viking  
  121  22:53  Missile Turret  
  121  22:57  SCV  
  122  23:04  SCV  
  123  23:09  SCV  
  124  23:16  SCV  
  125  23:20  SCV  
  125  23:21  SCV  
  127  23:32  SCV, Viking x5  
  127  23:33  SCV  
  139  23:40  Missile Turret  
Show
View Real Time Build Order
Export as new Build Order

iPlayDefense Terran - Winner!

Build Orders:  

Get SALT Encoding   

  12  0:00  SCV  
  13  0:15  Supply Depot  
  13  0:18  SCV  
  14  0:30  SCV  
  14  0:34  Refinery  
  15  0:42  SCV  
  16  0:54  SCV  
  16  0:55  Barracks  
  17  1:06  SCV  
  17  1:09  Supply Depot  
  18  1:18  SCV  
  18  1:21  Refinery  
  19  1:43  Orbital Command  
  19  1:45  Barracks Reactor  
  19  1:59  Engineering Bay  
  19  2:02  Factory  
  19  2:11  SCV  
  20  2:21  Marine x2  
  22  2:23  SCV  
  22  2:28  Terran Infantry Weapons Level 1  
  23  2:39  Marine x2  
  25  2:47  Factory Reactor, Factory Tech Lab  
  25  2:54  Starport  
  25  2:56  Marine  
  25  2:57  Marine  
  27  3:08  Siege Tank  
  30  3:26  Command Center  
  30  3:41  Starport Reactor  
  30  3:52  Supply Depot  
  29  3:55  Supply Depot  
  29  4:14  Siege Tank  
  32  4:17  Medivac x2  
  32  4:18  Marine x2  
  38  4:30  Supply Depot  
  38  4:36  Marine x2  
  40  5:04  Orbital Command  
  40  5:11  Supply Depot  
  40  5:20  SCV  
  41  5:33  Supply Depot  
  41  5:35  SCV x2  
  43  5:47  SCV x2  
  45  5:56  Supply Depot  
  45  5:59  SCV  
  46  6:09  Barracks x2  
  46  6:15  Factory  
  46  6:19  Supply Depot  
  46  6:20  Armory  
  46  6:35  Supply Depot x2  
  46  6:37  SCV x2  
  46  6:38  Marine x2  
  46  6:39  Supply Depot  
  50  6:42  Supply Depot  
  50  6:49  SCV x2  
  52  6:56  Marine x2  
  52  7:01  Barracks Tech Lab x2, SCV x2  
  55  7:05  Supply Depot  
  56  7:12  Factory Tech Lab  
  56  7:14  Marine  
  57  7:20  Terran Infantry Weapons Level 2  
  57  7:21  Terran Vehicle Weapons Level 1  
  57  7:23  Combat Shield  
  57  7:24  Stimpack  
  57  7:30  SCV x2  
  57  7:31  Marine x2  
  57  7:32  Marine x2  
  57  7:34  Siege Tank  
  57  7:36  Medivac  
  68  7:42  SCV x2  
  68  7:43  Refinery  
  70  7:45  Refinery  
  70  7:49  Marine x2  
  72  7:54  SCV  
  72  7:55  SCV  
  70  8:42  Bunker  
  70  8:45  SCV x2  
  70  8:46  Marine x3  
  70  8:47  Marine  
  76  8:48  Siege Tank  
  76  8:49  Siege Tank  
  82  8:57  SCV x2  
  84  9:04  Marine x4  
  84  9:08  Medivac  
  84  9:09  SCV x2  
  92  9:18  Terran Vehicle Weapons Level 2  
  92  9:19  Supply Depot  
  92  9:20  Supply Depot, Siege Tank  
  92  9:21  Siege Tank  
  98  9:25  Supply Depot  
  98  9:43  Terran Infantry Weapons Level 3  
  98  9:55  Barracks  
  98  10:00  Barracks  
  98  10:01  Marine  
  98  10:02  Marine x3  
  98  10:04  Siege Tank x2  
  108  10:19  Marine x3  
  108  10:20  Marine  
  112  10:35  Command Center  
  112  10:39  Missile Turret x2  
  112  10:40  Missile Turret  
  112  10:42  Missile Turret  
  112  10:43  Missile Turret x2  
  112  10:44  Missile Turret  
  112  10:45  Missile Turret  
  112  10:46  Marine x3  
  112  10:47  Marine  
  112  10:48  Siege Tank  
  112  10:49  Siege Tank  
  122  10:50  Medivac x2  
  122  10:55  Barracks Reactor  
  126  10:58  Barracks Reactor  
  126  11:04  Marine x4  
  130  11:39  Sensor Tower  
  77  12:25  Marine  
  77  12:26  Marine x7  
  81  12:43  Marine  
  81  12:44  Marine x7  
  83  12:46  Missile Turret  
  89  12:51  Terran Vehicle Weapons Level 3  
  89  12:54  Terran Infantry Armor Level 1  
  89  12:56  Siege Tank x2  
  95  12:58  Liberator  
  95  12:59  Liberator  
  95  13:01  Marine x3  
  95  13:02  Marine x5  
  109  13:08  Orbital Command  
  109  13:09  Missile Turret  
  109  13:19  Marine x8  
  117  13:28  SCV x2, Siege Tank x2  
  125  13:36  Marine  
  125  13:37  Marine x2  
  125  13:40  SCV x2  
  130  13:41  Liberator  
  133  13:52  SCV x2  
  135  14:00  Siege Tank x2  
  135  14:01  Refinery x2  
  141  14:04  SCV x2  
  143  14:13  Supply Depot  
  143  14:15  Supply Depot  
  143  14:21  Marine x4  
  143  14:22  Marine x4  
  151  14:32  Siege Tank x2  
  157  14:39  Marine x2  
  159  14:48  Hi-Sec Auto Tracking  
  159  14:50  Marine x5  
  159  14:51  Marine  
  165  14:56  Liberator  
  165  14:57  Marine x2  
  170  15:04  Siege Tank, Thor  
  179  15:08  Marine x2  
  181  15:25  Supply Depot  
  181  15:29  Terran Vehicle And Ship Armor Level 1  
  181  15:37  Supply Depot  
  181  15:44  Liberator  
  181  15:45  Liberator  
  187  16:26  Marine x8  
  187  16:27  Liberator  
  198  16:44  Marine x2  
  119  18:21  Medivac  
  119  18:22  Medivac  
  119  18:24  Marine  
  119  18:25  Marine x7  
  119  18:27  Thor x2  
  143  18:42  Marine x3  
  143  18:43  Marine x5  
  151  18:51  Medivac x2  
  155  19:00  Marine x8  
  163  19:09  Thor  
  166  19:18  Marine x5  
  166  19:21  Medivac x2  
  175  19:45  Missile Turret  
  175  19:46  Missile Turret  
  175  19:52  Missile Turret  
  175  20:07  Missile Turret  
  175  20:13  Missile Turret  
  175  20:30  Missile Turret  
  175  20:34  Thor x2  
  187  20:41  Missile Turret  
  172  21:04  Missile Turret  
  172  21:05  SCV x2  
  172  21:06  SCV  
  172  21:10  Missile Turret  
  175  21:14  Command Center  
  175  21:17  Thor x2  
  187  21:24  Missile Turret  
  187  21:32  Missile Turret  
  187  21:46  Missile Turret  
  187  21:51  Missile Turret  
  187  21:59  Thor  
  187  22:00  Thor  
  199  22:15  Marine  
  200  22:34  Refinery  
  200  22:57  Refinery  
Tags
 
Matchup
TvT
Race
Terran
Replay Pack
Dave SC2 II
Spawn Locations
Cross Positions
Add a new tag
Caveats
  • Supply blocks, unpowered buildings, or Contaminate may cause inaccurate times.
  • Supply counts are checked every 10 seconds.